 Dungeon Crawl Stone Soup version 0.31.0-32-g396128a36d (webtiles) character file.

Game seed: 17650251697088939511

1619 hawla the Nimble (level 8, -3/37 HPs)
             Began as a Felid Shapeshifter on Apr 19, 2024.
             Was an Initiate of Yredelemnul.
             Slain by Maggie
             ... wielding a +0 scimitar
              (6 damage)
             ... on level 8 of the Dungeon.
             The game lasted 00:10:06 (4673 turns).

hawla the Nimble (Felid Shapeshifter)               Turns: 4673, Time: 00:10:07

Health: -3/37      AC:  2    Str: 12    XL:     8   Next: 64%
Magic:  9/9        EV: 27    Int: 14    God:    Yredelemnul [......]
Gold:   350        SH:  0    Dex: 16    Spells: 7/7 levels left
                                        Lives:  0   Deaths: 3

rFire   . .          .
                       - Unarmed
rCold   . . .        (shield unavailable)
rNeg    . . .        (body armour unavailable)
rPois   .            (helmet unavailable)
rElec   .            (cloak unavailable)
rCorr   .            (gloves unavailable)
SInv    +            (boots unavailable)
Will    +....        (no amulet)
Stlth   +            s - +4 ring of slaying
HPRegen 0.26/turn    (no ring)
MPRegen 0.11/turn

%: no passive effects
@: flux-form, attractive, mesmerised, glowing
A: glow, contaminating, very small, claws 1, fangs 3, see invisible, shaggy fur
2, stealthy paws, no weapons or thrown items, no armour, multi-lived
a: Begin Untransformation, Renounce Religion, Recall Undead Harvest


You were on level 8 of the Dungeon.
You worshipped Yredelemnul.
Yredelemnul was noncommittal.
You were something dangerously unstable.
You visited 2 branches of the dungeon, and saw 8 of its levels.

You collected 350 gold pieces.

Inventory:

Jewellery
 s - a +4 ring of slaying (left paw)
Talismans
 b - a beast talisman
 c - a flux talisman (active)
 d - a maw talisman
 o - a talisman of death
Wands
 u - a wand of digging (4)
Scrolls
 e - a scroll of revelation
 f - a scroll of noise {unknown}
 h - a scroll of fog
 i - 3 scrolls of identify
 l - 3 scrolls of fear
 n - 2 scrolls of summoning
 q - a scroll of vulnerability
 t - a scroll of torment
Potions
 j - 3 potions of haste {unknown}
 k - a potion of degeneration {unknown}
 m - a potion of cancellation {unknown}
 p - a potion of resistance {unknown}
 r - 2 potions of mutation {unknown}


   Skills:
 - Level 1.0 Fighting
 + Level 10.6 Dodging
 - Level 3.0 Unarmed Combat
 - Level 7.0 Shapeshifting


You had 7 spell levels left.
You didn't know any spells.
Your spell library contained the following spells:

 Spells                   Type           Power      Damage    Failure   Level
 Apportation              Tloc           0%         N/A       28%         1
 Necrotise                Necr           0%         1d4       28%         1
 Sandblast                Erth           0%         2d4       28%         1
 Sting                    Conj/Alch      0%         1d3       28%         1
 Summon Small Mammal      Summ           0%         N/A       28%         1
 Ensorcelled Hibernation  Hex/Ice        0%         N/A       41%         2
 Jinxbite                 Hex            0%         N/A       41%         2
 Call Canine Familiar     Summ           0%         N/A       65%         3
 Dazzling Flash           Conj/Hex       0%         N/A       65%         3
 Fugue of the Fallen      Necr           0%         N/A       65%         3
 Mephitic Cloud           Conj/Alch/Air  0%         N/A       65%         3
 Passwall                 Erth           0%         N/A       65%         3
 Sigil of Binding         Hex            0%         N/A       65%         3
 Stone Arrow              Conj/Erth      0%         3d7       65%         3
 Anguish                  Hex/Necr       0%         N/A       96%         4
 Brom's Barrelling Bould  Conj/Erth      0%         2d3       96%         4
 Cause Fear               Hex            0%         N/A       96%         4
 Vhi's Electric Charge    Tloc/Air       0%         N/A       96%         4
 Alistair's Intoxication  Alch           0%         N/A       100%        5
 Arcjolt                  Conj/Air       0%         1d10      100%        5
 Curse of Agony           Necr           0%         N/A       100%        5
 Silence                  Hex/Air        0%         N/A       100%        5
 Enfeeble                 Hex            0%         N/A       100%        7
 Maxwell's Capacitive Co  Air            0%         ∞         100%        8
 Dimensional Bullseye     Hex/Tloc       Unusable   N/A       N/A         4

Dungeon Overview and Level Annotations

Branches:
Dungeon (6/15)             Temple (1/1) D:6            Lair (0/5) D:8

Altars:
Ashenzari
Cheibriados
Elyvilon
Fedhas
Gozag
Hepliaklqana
Kikubaaqudgha
Makhleb
Nemelex Xobeh
Qazlal
Ru
Sif Muna
Trog
Uskayaw
Vehumet
Wu Jian
Xom
Yredelemnul
Zin
The Shining One

Annotations:
D:8 Joseph, Maggie


Innate Abilities, Weirdness & Mutations

You are something dangerously unstable.
You glow with magical radiation, making you easy to see and hit.
Foes you strike become dangerously contaminated with magical radiation.
You have sharp claws.
You have razor-sharp teeth.
You have supernaturally acute eyesight. (SInv)
You are covered in thick fur. (AC +2)
Your paws help you pounce on unaware monsters.
You are incapable of wielding weapons or throwing items.
You cannot wear armour.
You gain extra lives every three experience levels.


Message History

Your killer bee zombie hits Maggie.
Joseph hits you with a +0 quarterstaff!
* * * LOW HITPOINT WARNING * * *
Your orc wizard zombie hits Maggie.
Your orc zombie closely misses Maggie.
Maggie hits your killer bee zombie with a +0 scimitar!
Your killer bee zombie is destroyed!
Your orc wizard zombie barely misses Maggie.
Maggie shouts!
Joseph misses you.
Your orc wizard zombie hits Maggie but does no damage.
Your orc zombie closely misses Maggie.
Maggie casts a spell at your orc wizard zombie.
The bolt of fire hits your orc wizard zombie!
Unknown command.
Joseph misses you.
Your orc wizard zombie hits Maggie but does no damage. x2
Maggie hits your orc wizard zombie with a +0 scimitar!
Your orc wizard zombie is destroyed!
Your orc zombie completely misses Maggie.
Maggie shouts!
Unknown command.
Joseph completely misses you.
Your orc wizard zombie hits Maggie.
Maggie completely misses you.
Your orc zombie hits Maggie but does no damage.
Unknown command.
You feel less invigorated.
You feel less confused. Joseph closely misses you.
Maggie completely misses you.
Your orc wizard zombie hits Maggie but does no damage.
Unknown command.
Joseph misses you.
Your orc zombie hits Maggie but does no damage.
Maggie misses you.
Your orc wizard zombie hits Maggie.
You scratch Maggie but do no damage.
Maggie glows dangerously bright.
You bite Maggie, but do no damage.
Maggie is almost dead.
Joseph hits you with a +0 quarterstaff!!
* * * LOW HITPOINT WARNING * * *
Your orc zombie closely misses Maggie.
Maggie hits you with a +0 scimitar.
You die...
Your body rises from the dead as a mindless zombie.

#.....###.......#####
..............###
#########.##..####
##.##.....#
##..##.....##
#######...#####...### #
)))..#>.#### ##.....#...
####.......###..........
# #######......pZ......
# ####..@@....... #
#....Z...... #
#........... #
#........... #
#..<........
##......$... ##.....##..


You could see Joseph, Maggie (mesmerising, heavy contam, ally target), a
friendly orc zombie and a friendly orc wizard zombie.

Vanquished Creatures
  Menkaure (D:5)
  A black bear (D:5)
  3 ogres
  A centaur (D:5)
  2 scorpions (D:5)
  6 killer bees (D:8)
  A howler monkey (D:8)
  A bombardier beetle (D:3)
  5 hounds
  2 jellies (D:5)
  A gnoll bouda (D:8)
  2 iguanas
  3 orc wizards
  5 adders
  3 gnolls (D:8)
  2 dart slugs
  14 orcs
  2 ball pythons (D:4)
  12 endoplasms
  4 giant cockroaches
  9 goblins
  8 hobgoblins
  3 jackals (D:4)
  3 quokkas
  7 bats
  4 frilled lizards
  8 kobolds
  4 rats
117 creatures vanquished.

Vanquished Creatures (collateral kills)
  A bullfrog (D:8)
  An orc wizard (D:8)
  4 orcs (D:8)
6 creatures vanquished.

Vanquished Creatures (others)
  A bullfrog zombie (D:8)
  3 killer bee zombies (D:8)
  A howler monkey zombie (D:8)
  4 orc zombies (D:8)
  3 gnoll zombies (D:8)
  A rat (D:3)
13 creatures vanquished.

Grand Total: 136 creatures vanquished

Notes
Turn   | Place    | Note
-------+----------+-------------------------------------------
     0 | D:1      | hawla the Felid Shapeshifter began the quest for the Orb.
     0 | D:1      | Reached XP level 1. HP: 10/10 MP: 2/2
   156 | D:1      | Reached XP level 2. HP: 14/14 MP: 3/3
   423 | D:1      | Reached XP level 3. HP: 18/18 MP: 4/4
   930 | D:2      | Found a faded altar of an unknown god.
  1042 | D:2      | Found a blossoming altar of Fedhas.
  1372 | D:2      | Reached XP level 4. HP: 22/22 MP: 5/5
  1372 | D:2      | Gained a life (2 lives remaining)
  2563 | D:4      | Reached skill level 5 in Shapeshifting
  2563 | D:4      | Reached XP level 5. HP: 17/25 MP: 6/6
  2784 | D:4      | Noticed an ogre
  2795 | D:4      | Killed an ogre
  2796 | D:4      | Gained mutation: You are covered in thick fur. (AC +2)
                  | [Felid growth]
  2796 | D:4      | Reached XP level 6. HP: 26/30 MP: 7/7
  3026 | D:5      | Entered Level 5 of the Dungeon
  3066 | D:5      | Splashed by a jelly's acid
  3066 | D:5      | Lost a life (1 life remaining)
  3094 | D:5      | HP: 1/28 [iguana (9)]
  3190 | D:5      | Noticed Menkaure
  3200 | D:5      | Killed Menkaure
  3201 | D:5      | Reached XP level 7. HP: 10/33 MP: 8/8
  3201 | D:5      | Gained a life (2 lives remaining)
  3439 | D:5      | Reached skill level 3 in Dodging
  3459 | D:5      | Slain by an orc
  3459 | D:5      | Lost a life (1 life remaining)
  3493 | D:5      | Reached skill level 4 in Dodging
  3507 | D:5      | Mangled by an ogre
  3507 | D:5      | Lost a life (0 lives remaining)
  3565 | D:5      | Reached skill level 5 in Dodging
  3602 | D:5      | Reached skill level 6 in Dodging
  3879 | D:5      | Reached skill level 7 in Dodging
  3879 | D:5      | Reached XP level 8. HP: 37/37 MP: 9/9
  4120 | D:6      | Found a staircase to the Ecumenical Temple.
  4143 | D:6      | Reached skill level 8 in Dodging
  4154 | Temple   | Entered the Ecumenical Temple
  4193 | Temple   | Became a worshipper of Yredelemnul the Dark
  4264 | D:6      | You fall into a shaft and drop 2 floors!
  4269 | D:8      | Found a staircase to the Lair.
  4302 | D:8      | Reached * piety under Yredelemnul
  4350 | D:8      | Reached skill level 9 in Dodging
  4475 | D:8      | Reached ** piety under Yredelemnul
  4475 | D:8      | Reached skill level 10 in Dodging
  4561 | D:8      | Reached *** piety under Yredelemnul
  4651 | D:8      | Noticed Joseph
  4651 | D:8      | Noticed Maggie
  4673 | D:8      | Slain by Maggie

Illustrated notes

Levels and vault maps discovered:
D:1:      lemuel_arrival_hallway, layout_basic
D:2:      wad_lake_hut, layout_basic, basic_altar,
          shapermc_ecumenical_altar_starsandcircs
D:3:      layout_rooms, serial_glass, glass_columns_a, glass_columns_a,
          minmay_starry_boxes
D:4:      wander_river, layout_cave_pools, nicolae_figureground_pulse
D:5:      layout_rooms, kennysheep_generic_room_16, uniq_menkaure
D:6:      minmay_diamond_boxcup, layout_layer_cave, mainiacjoe_overflow_swirl,
          minmay_temple_entry_overgrown, uniq_blork_the_orc, uniq_jeremiah
D:8:      layout_rooms, lair_entry_dummy, uniq_joseph, uniq_maggie
Temple:   mainiacjoe_temple_big_plus

Skill      XL: |  1  2  3  4  5  6  7  8 |
---------------+-------------------------+-----
Shapeshifting  | 3 4 5 6 7 |  7.0
Dodging        | 7 10 | 10.6
Fighting       | |  1.0
Unarmed Combat | |  3.0

Action                     |  1- 3 |  4- 6 |  7- 9 || total
---------------------------+-------+-------+-------++-------
  Melee: Unarmed           |    98 |   162 |   126 ||   386
         Bite              |     5 |    17 |    21 ||    43
         Punch             |     1 |     1 |       ||     2
    Use: Scroll            |       |     3 |     6 ||     9
         Potion            |       |     3 |     5 ||     8
   Stab: Sleeping          |     3 |     1 |       ||     4
 Armour: Skin              |    26 |    44 |    53 ||   123
  Dodge: Dodged            |    76 |   151 |   157 ||   384
   Form: Flux              |       |     1 |       ||     1
